AoeStats
← Jotakargo

Arabia

509942827Analyzed
1v1 RM · 4d ago on Sep 28, 2026· 43m 40s· 2 players
Game mode
Random Map
Map size
Tiny (2 player)
Population
200
Speed
Normal
Resources
Standard
Victory
Conquest
Starting age
Dark Age
Ending age
Imperial Age
RankedLock teamsTeams togetherTeam positionsShared explorationLock speedFull tech treeHidden civsTurbo modeCheats
Victory
Defeat
🇨🇴 Burmese · Colombia
315
+18
🇦🇷 Franks · Argentina
364
-18
Jotakargo
6:07 Loom
11:34 Feudal Age
14:37 Wheelbarrow
13:54 Town Watch
14:45 Horse Collar
23:01 Castle Age
21:30 Gold Mining
21:31 Stone Mining
22:37 Man-at-Arms
24:12 Hand Cart
23:57 Town Patrol
26:04 Forging
25:55 Scale Mail Armor
26:02 Scale Barding Armor
25:48 Fletching
25:58 Padded Archer Armor
27:47 Gold Shaft Mining
27:19 Town Patrol
29:00 Heavy Plow
28:47 Crossbowman
28:51 Long Swordsman
28:51 Pikeman
29:17 Gambesons
29:34 Squires
33:42 Murder Holes
38:26 Imperial Age
36:56 Fortified Wall
36:11 Elite Skirmisher
37:30 Arson
38:24 Husbandry
39:00 Chain Mail Armor
40:58 Chemistry
41:35 Parthian Tactics
42:28 Manipur Cavalry
42:40 Bodkin Arrow
ignaciocarricondo
9:58 Loom
13:24 Feudal Age
14:53 Wheelbarrow
14:14 Double-Bit Axe
18:38 Gold Mining
18:40 Stone Mining
24:02 Castle Age
25:01 Hand Cart
24:55 Husbandry
25:43 Bow Saw
26:56 Gold Shaft Mining
27:12 Fervor
27:19 Scale Barding Armor
27:19 Scale Mail Armor
33:14 Chain Barding Armor
36:39 Light Cavalry
37:40 Town Watch
38:26 Chain Mail Armor
38:23 Forging
42:08 Imperial Age
Connection lost

Rejoining the realm…

Still unreachable

The connection could not be restored.

Session expired

The server has moved on; the page needs a fresh start.